 Dungeon Sprint DCSS version 0.19-a0-1815-g4007336 (webtiles) character file.

26734 poirepourri the Ninja (level 13, -19/60 HPs)
             Began as a Spriggan Enchanter on Oct 5, 2016.
             Was the Champion of Dithmenos.
             Demolished by an azure jelly (35 damage)
             ... in the Dungeon (Sprint III: "The Ten Rune Challenge").
             The game lasted 00:11:47 (4026 turns).

poirepourri the Ninja (Spriggan Enchanter)          Turns: 4026, Time: 00:11:48

Health: -19/60     AC:  7    Str:  4    XL:     13   Next: 0%
Magic:  10/46      EV: 28    Int: 22    God:    Dithmenos [******]
Gold:   7988       SH:  0    Dex: 21    Spells: 5 memorised, 37 levels left

rFire  . . .     SeeInvis +     d - +5 dagger
rCold  . . .     Gourm    .     b - +1 robe
rNeg   . . .     Faith    .     (shield restricted)
rPois  .         Spirit   .     j - +3 hat of Pondering {ponderous, MR+ MP+10 Int+5}
rElec  .         Dismiss  .     k - +0 cloak
rCorr  .         Reflect  .     (gloves unavailable)
MR     +++..     Harm     .     (boots unavailable)
Stlth  +++++++++. NoTele   +    (no amulet)
                                (no ring)
                                (no ring)

@: wreathed by umbra, very quick
A: unfitting armour, see invisible, herbivore 3, speed 3, slow metabolism 2
a: Shadow Step, Shadow Form, Renounce Religion


You were in the Dungeon.
You worshipped Dithmenos.
Dithmenos was exalted by your worship.
You were full.

You visited 1 branch You collected 7988 gold pieces.

Inventory:

Hand Weapons
 a - a +1 dagger
 d - a +5 dagger (weapon)
Armour
 b - a +1 robe (worn)
 j - the +3 hat of Pondering (worn) {ponderous, MR+ MP+10 Int+5}
   (You took it off Gastronok in the Dungeon)

   It affects your intelligence (+5).
   It affects your resistance to hostile enchantments.
   It affects your magic capacity (+10).
 k - a +0 cloak (worn)
Scrolls
 t - a scroll of remove curse
Potions
 e - a potion of magic
 f - 2 potions of might
 g - a potion of haste
 i - a potion of ambrosia {unknown}
 l - 2 potions of mutation
 q - 2 potions of cure mutation
 r - 3 potions of flight
Books
 c - a book of Maledictions

   Spells                             Type                      Level
   a - Corona                         Hexes                        1
   b - Ensorcelled Hibernation        Hexes/Ice                    2
   c - Confuse                        Hexes                        3
   d - Tukima's Dance                 Hexes                        3
   e - Dazzling Spray                 Conjuration/Hexes            3
Comestibles
 h - 27 royal jellies
 p - 2 fruits


   Skills:
 - Level 3.2 Fighting
 + Level 10.5 Short Blades
 + Level 10.7 Dodging
 O Level 27 Stealth
 + Level 18.8 Spellcasting
 + Level 6.0 Conjurations
 + Level 18.5 Hexes
 - Level 1.2 Ice Magic
 + Level 7.0 Invocations


You had 37 spell levels left.
You knew the following spells:

 Your Spells              Type           Power        Failure   Level  Hunger
a - Corona                Hex            #######      0%          1    None
b - Ensorcelled Hibernat  Hex/Ice        ######       1%          2    None
c - Confuse               Hex            #######.     0%          3    None
d - Tukima's Dance        Hex            #######.     0%          3    None
e - Dazzling Spray        Conj/Hex       ######       1%          3    None


Dungeon Overview and Level Annotations

Branches:
Dungeon (1/1)

Altars:
Cheibriados
Dithmenos
Elyvilon
Fedhas
Gozag
Hepliaklqana
Kikubaaqudgha
Makhleb
Nemelex Xobeh
Okawaru
Qazlal
Ru
Sif Muna
Trog
Uskayaw
Vehumet
Xom
Yredelemnul
Zin
The Shining One
Beogh
Jiyva
Lugonu

Shops:
D (


Innate Abilities, Weirdness & Mutations

You are very small and have problems with some larger weapons.
You are too small for most types of armour.
You have supernaturally acute eyesight. (SInv)
You are a herbivore.
You cover ground extremely quickly.
You need consume almost no food.


Message History

Aiming: Dazzling Spray
Press: ? - help, Shift-Dir - straight line, f/p - azure jelly
Aim: an azure jelly (severely wounded, umbra)
The spray of energy misses the azure jelly.
You enter the shallow water.
Moving in this stuff is going to be slow.
Casting: Dazzling Spray
Confirm with . or Enter, or press ? or * to list all spells.
Aiming: Dazzling Spray
Press: ? - help, Shift-Dir - straight line, f/p - azure jelly
Aim: an azure jelly (severely wounded, umbra)
The spray of energy hits the azure jelly.
The azure jelly is severely wounded.
The azure jelly hits you. The azure jelly freezes you!!
Ouch! That really hurt!
You emit a cloud of dark smoke.
The azure jelly hits you.
* * * LOW HITPOINT WARNING * * *
The azure jelly freezes you!!
Ouch! That really hurt!
You die... ..)...).#._.#..#...#.)...# ee.e

.######)#)#....##..####### ###
.#__#...#'#######################
.#__#...#.§§§§'[#.'...'.#.#.#.'..
##__#..)#)#≈§§#§#.#...##.#.#.##..
)#__#...'.#.§§#.#.#)..#.#.#.#.#..
_#__'...#.#§§.#...#)).##.#.#.##..
▓▓▓▓▓▓▓▓▓▓▓▓▓▓▓▓▓▓▓▓▓▓#.#.#.#.#..
.♣♣♣♣≈≈≈.......J@§§...##.#.#.##..
≈.♣♣'♣≈≈≈≈≈≈≈≈§§§§♣♣P.'.#.#.#.#..
.#J≈♣♣♣♣♣♣♣♣♣♣♣♣♣♣♣♣PP##(#.#.####
♣#..♣ ♣♣♣##'######## ###+
#...+.≈§§≈# #...#.§≈≈≈#
#).)#.#≈≈≈# #####.#c≈§§ #.P§P.#
#§§


You could see an azure jelly.

Vanquished Creatures
  Rupert (D)
  Harold (D)
  Gastronok (D)
  3 azure jellies (D)
  2 dire elephants (D)
  Josephine (D)
  A centaur warrior (D)
  4 death yaks (D)
  An orc high priest (D)
  3 deep elf knights (D)
  An unseen horror (D)
  Joseph (D)
  3 deep elf magi (D)
  2 black mambas (D)
  2 elephants (D)
  2 spiny frogs (D)
  A rime drake (D)
  A komodo dragon (D)
  3 wandering mushrooms (D)
  A queen bee (D)
  8 blink frogs (D)
  A shadow (D)
  A spatial vortex (D)
  An orc warrior (D)
  A swamp drake (D)
  A necrophage (D)
  2 centaurs (D)
  An earth elemental (D)
  A water elemental (D)
  32 killer bees (D)
  A jelly (D)
  Crazy Yiuf (D)
  An orc priest (D)
  Jessica (D)
  A wizard (D)
  A necromancer (D)
  4 orc wizards (D)
  A kobold demonologist (D)
  3 humans (D)
  2 oozes (D)
  7 orcs (D)
  A kobold (D)
  A rat (D)
109 creatures vanquished.

Vanquished Creatures (collateral kills)
  2 orc priests (D)
2 creatures vanquished.

Vanquished Creatures (others)
  2 draconian scorchers (D)
  6 hellions (D)
  2 yaktaurs (D)
  An orc high priest (D)
  4 orc priests (D)
  12 plants (D)
27 creatures vanquished.

Grand Total: 138 creatures vanquished

Notes
Turn   | Place    | Note
-------+----------+-------------------------------------------
     0 | D        | poirepourri the Spriggan Enchanter began the quest for the Orb.
     0 | D        | Reached XP level 1. HP: 9/9 MP: 5/5
     8 | D        | Reached skill level 5 in Stealth
    16 | D        | Reached skill level 5 in Hexes
    16 | D        | Reached XP level 2. HP: 4/13 MP: 5/7
    88 | D        | Learned a level 2 spell: Ensorcelled Hibernation
    92 | D        | Killed a hellion
    93 | D        | Killed a hellion
   104 | D        | Killed a hellion
   106 | D        | Killed a hellion
   106 | D        | Killed a hellion
   134 | D        | Killed a hellion
   154 | D        | Killed a white draconian scorcher
   202 | D        | Noticed Jessica
   206 | D        | Killed a yaktaur
   208 | D        | Killed Jessica
   208 | D        | Reached skill level 6 in Stealth
   208 | D        | Reached XP level 3. HP: 11/16 MP: 5/9
   261 | D        | Learned a level 3 spell: Confuse
   265 | D        | Learned a level 3 spell: Tukima's Dance
   298 | D        | Killed a white draconian scorcher
   309 | D        | Reached skill level 7 in Stealth
   311 | D        | Noticed Crazy Yiuf
   338 | D        | Killed Crazy Yiuf
   338 | D        | Reached skill level 8 in Stealth
   338 | D        | Reached XP level 4. HP: 10/21 MP: 1/11
   482 | D        | Learned a level 3 spell: Dazzling Spray
   623 | D        | Noticed a water elemental
   655 | D        | Killed a water elemental
   655 | D        | Reached skill level 5 in Dodging
   655 | D        | Reached skill level 9 in Stealth
   655 | D        | Reached skill level 5 in Spellcasting
   655 | D        | Reached skill level 1 in Ice Magic
   655 | D        | Reached XP level 5. HP: 17/25 MP: 0/14
   778 | D        | Found a radiant altar of Vehumet.
   778 | D        | Found a deep blue altar of Sif Muna.
   778 | D        | Found an ancient bone altar of Kikubaaqudgha.
   782 | D        | Reached skill level 1 in Fighting
   782 | D        | Reached skill level 10 in Stealth
   792 | D        | Found a glowing silver altar of Zin.
   792 | D        | Found a glowing golden altar of the Shining One.
   792 | D        | Found a white marble altar of Elyvilon.
   793 | D        | Noticed a deep elf mage
   796 | D        | Killed a deep elf mage
   796 | D        | Reached skill level 13 in Stealth
   796 | D        | Reached skill level 10 in Hexes
   796 | D        | Reached XP level 6. HP: 30/30 MP: 11/19
   796 | D        | Reached XP level 7. HP: 35/35 MP: 11/20
   845 | D        | Found a basalt altar of Yredelemnul.
   845 | D        | Found a shadowy altar of Dithmenos.
   845 | D        | Found a sacrificial altar of Ru.
   856 | D        | Became a worshipper of Dithmenos the Shadowed
   867 | D        | Killed a yaktaur
   930 | D        | Found a hide-covered altar of Uskayaw.
   930 | D        | Found a roughly hewn altar of Beogh.
   930 | D        | Found an iron altar of Okawaru.
   930 | D        | Found a bloodstained altar of Trog.
   930 | D        | Noticed a human
   933 | D        | Noticed a human
   937 | D        | Killed a human
   937 | D        | Reached skill level 14 in Stealth
   937 | D        | Reached skill level 10 in Spellcasting
   982 | D        | Killed a human
  1138 | D        | Noticed a shadow
  1141 | D        | Killed a shadow
  1141 | D        | Reached * piety under Dithmenos
  1141 | D        | Reached XP level 8. HP: 39/39 MP: 21/23
  1157 | D        | Found a blossoming altar of Fedhas.
  1157 | D        | Found a stormy altar of Qazlal.
  1157 | D        | Found a snail-covered altar of Cheibriados.
  1157 | D        | Found a burning altar of Makhleb.
  1157 | D        | Found a shimmering altar of Xom.
  1158 | D        | Found a hazy altar of Hepliaklqana.
  1158 | D        | Found an opulent altar of Gozag.
  1158 | D        | Found a sparkling altar of Nemelex Xobeh.
  1158 | D        | Found a corrupted altar of Lugonu.
  1158 | D        | Found a viscous altar of Jiyva.
  1163 | D        | Reached skill level 15 in Stealth
  1180 | D        | Noticed Josephine
  1182 | D        | Killed Josephine
  1182 | D        | Reached ** piety under Dithmenos
  1182 | D        | Reached skill level 16 in Stealth
  1182 | D        | Reached XP level 9. HP: 43/43 MP: 23/25
  1198 | D        | Noticed a centaur warrior
  1205 | D        | Killed a centaur warrior
  1205 | D        | Reached *** piety under Dithmenos
  1205 | D        | Reached skill level 5 in Short Blades
  1205 | D        | Reached skill level 18 in Stealth
  1233 | D        | Noticed an unseen horror
  1237 | D        | Killed an unseen horror
  1245 | D        | Noticed a queen bee
  1275 | D        | Reached **** piety under Dithmenos
  1289 | D        | Reached skill level 19 in Stealth
  1291 | D        | Killed a queen bee
  1294 | D        | Reached ***** piety under Dithmenos
  1297 | D        | Reached XP level 10. HP: 41/49 MP: 10/28
  1570 | D        | Reached ****** piety under Dithmenos
  1586 | D        | Reached skill level 20 in Stealth
  1875 | D        | Noticed Harold
  1875 | D        | Noticed Joseph
  1878 | D        | Killed Joseph
  1880 | D        | Killed Harold
  1880 | D        | Reached skill level 22 in Stealth
  2051 | D        | Found a roughly hewn altar of Beogh.
  2051 | D        | Noticed an orc high priest
  2052 | D        | Found Xecij's Antique Weapon Boutique.
  2096 | D        | Killed an orc high priest
  2096 | D        | Reached XP level 11. HP: 47/52 MP: 25/30
  2102 | D        | Reached skill level 15 in Spellcasting
  2698 | D        | Noticed a deep elf knight
  2698 | D        | Noticed a deep elf mage
  2698 | D        | Noticed a deep elf knight
  2698 | D        | Noticed a deep elf mage
  2698 | D        | Noticed a deep elf knight
  2708 | D        | Killed a deep elf knight
  2708 | D        | Reached skill level 23 in Stealth
  2708 | D        | Reached skill level 15 in Hexes
  2710 | D        | Killed a deep elf knight
  2710 | D        | Reached skill level 10 in Dodging
  2735 | D        | Killed a deep elf knight
  2737 | D        | Killed a deep elf mage
  2749 | D        | Killed a deep elf mage
  2894 | D        | Noticed a deep elf mage
  2896 | D        | Noticed a deep elf death mage
  2897 | D        | Noticed a deep elf annihilator
  2897 | D        | Noticed a deep elf annihilator
  2899 | D        | Noticed a deep elf demonologist
  2902 | D        | Noticed a deep elf master archer
  3150 | D        | Noticed a yaktaur captain
  3189 | D        | Reached skill level 24 in Stealth
  3214 | D        | Reached skill level 5 in Conjurations
  3214 | D        | Reached skill level 1 in Invocations
  3306 | D        | Noticed Rupert
  3308 | D        | Killed Rupert
  3308 | D        | Reached skill level 25 in Stealth
  3330 | D        | Noticed an azure jelly
  3330 | D        | Noticed an azure jelly
  3330 | D        | Noticed an azure jelly
  3330 | D        | Noticed an azure jelly
  3332 | D        | Noticed a dire elephant
  3332 | D        | Noticed a dire elephant
  3332 | D        | Noticed Gastronok
  3334 | D        | Killed Gastronok
  3334 | D        | Reached skill level 26 in Stealth
  3334 | D        | Reached XP level 12. HP: 56/56 MP: 32/34
  3335 | D        | Killed a dire elephant
  3357 | D        | Noticed a death yak
  3358 | D        | Noticed a death yak
  3359 | D        | Noticed a death yak
  3359 | D        | Noticed a death yak
  3360 | D        | Killed a death yak
  3362 | D        | Killed a death yak
  3362 | D        | Reached skill level 27 in Stealth
  3364 | D        | Killed a death yak
  3367 | D        | Killed a death yak
  3370 | D        | Reached skill level 5 in Invocations
  3433 | D        | Killed a dire elephant
  3433 | D        | Reached skill level 10 in Short Blades
  3772 | D        | Killed an azure jelly
  3797 | D        | Killed an azure jelly
  4001 | D        | Killed an azure jelly
  4001 | D        | Reached XP level 13. HP: 60/60 MP: 24/36
  4026 | D        | Demolished by an azure jelly

Vault maps used:
D:        dungeon_sprint_mu

Skill      XL: |  1  2  3  4  5  6  7  8  9 10 11 12 |
---------------+-------------------------------------+-----
Stealth        | 5 6 8 9 13 14 16 19 22 26 27 | 27.0
Spellcasting   | 3 4 5 9 10 11 13 14 17 18 | 18.8
Hexes          | 5 6 7 10 11 12 13 14 16 18 | 18.5
Dodging        | 4 5 6 7 8 9 10 | 10.7
Short Blades   | 2 3 4 5 6 8 10 | 10.5
Ice Magic      | 1 |  1.2
Fighting       | 2 3 |  3.2
Conjurations   | 2 3 4 5 6 |  6.0
Invocations    | 3 7 |  7.0

Action                   |  1- 3 |  4- 6 |  7- 9 | 10-12 | 13-15 || total
-------------------------+-------+-------+-------+-------+-------++-------
Melee: Dagger            |    16 |     4 |    37 |   105 |       ||   162
 Cast: Corona            |     1 |       |       |       |       ||     1
       Ensorcelled Hiber |     5 |     2 |    14 |    83 |       ||   104
       Dazzling Spray    |       |    11 |     8 |    34 |     8 ||    61
       Tukima's Dance    |       |       |     1 |     1 |       ||     2
Invok: Shadow Step       |       |       |       |    13 |       ||    13
  Use: Scroll            |     1 |     6 |       |     1 |       ||     8
       Potion            |       |     2 |     1 |     3 |       ||     6
 Stab: Sleeping          |     6 |     3 |    19 |    70 |       ||    98
       Invisible         |       |       |     1 |     2 |       ||     3
       Distracted        |       |       |       |     1 |       ||     1
  Eat: Bread ration      |       |       |       |     1 |       ||     1
       Fruit             |       |       |       |     1 |       ||     1
Armor: Robe              |       |     1 |     1 |     6 |       ||     8
Dodge: Dodged            |     9 |     5 |    55 |   125 |       ||   194
